 Dungeon Crawl Stone Soup version 0.29-a0-23-ga79f92ac9c (webtiles) character file.

Game seed: 14360737186383638184

44666 Ajdolov the Brawler (level 13, -8/127 HPs)
             Began as a Troll Monk on Jan 30, 2022.
             Mangled by an azure jelly (29 damage)
             ... on level 2 of the Pits of Slime.
             The game lasted 00:51:04 (16704 turns).

Ajdolov the Brawler (Troll Monk)                   Turns: 16704, Time: 00:51:05

Health: -8/127     AC:  8    Str: 32    XL:     13   Next: 97%
Magic:  13/13      EV: 11    Int:  6    God:
Gold:   1455       SH:  0    Dex: 12    Spells: 12/12 levels left

rFire   . . .      SeeInvis .     - Unarmed
rCold   . . .      Faith    .   (no shield)
rNeg    . . .      Spirit   .   R - +0 troll leather armour
rPois   .          Reflect  .   V - +0 hat
rElec   .          Harm     .   x - +0 cloak
rCorr   .          Rampage  .   (gloves unavailable)
Will    .....                   (boots unavailable)
Stlth   +.........              J - amulet of regeneration
HPRegen 2.71/turn               l - ring of flight
MPRegen 0.13/turn               K - +6 ring of strength

@: flying
A: large, unfitting armour, claws 3, regeneration 1, shaggy fur 1, tough skin 1,
high MP 1, screaming 1, wild magic 1
a: no special abilities


You were on level 2 of the Pits of Slime.
You visited 4 branches of the dungeon, and saw 20 of its levels.
You also visited: Ossuary.

You collected 1455 gold pieces.

Inventory:

Missiles
 c - 463 stones
 A - 2 throwing nets
 I - 2 poisoned darts
 T - 3 large rocks (quivered)
Armour
 x - a +0 cloak (worn)
 R - a +0 troll leather armour (worn)
 V - a +0 hat (worn)
Jewellery
 l - a ring of flight (left claw)
 v - a +6 ring of dexterity
 J - an amulet of regeneration (around neck)
 K - a +6 ring of strength (right claw)
 N - a ring of willpower
 X - a ring of positive energy
Wands
 t - a wand of charming (17)
 z - a wand of polymorph (13)
 C - a wand of paralysis (9)
 D - a wand of digging (5)
 Y - a wand of flame (7)
 Z - a wand of mindburst (15)
Scrolls
 i - 4 scrolls of amnesia
 k - 3 scrolls of magic mapping {unknown}
 m - a scroll of summoning {unknown}
 p - 2 scrolls of torment {unknown}
 s - a scroll of blinking {unknown}
 w - 4 scrolls of vulnerability {unknown}
 y - 7 scrolls of teleportation
 B - 2 scrolls of fog {unknown}
 F - 4 scrolls of enchant armour {unknown}
 G - 2 scrolls of acquirement {unknown}
 H - 5 scrolls of enchant weapon {unknown}
 L - 3 scrolls of silence {unknown}
 O - a scroll of brand weapon {unknown}
 Q - 3 scrolls of identify
Potions
 a - 2 potions of resistance {unknown}
 b - 5 potions of curing
 d - 4 potions of degeneration
 e - 4 potions of attraction {unknown}
 f - 2 potions of cancellation {unknown}
 g - 3 potions of haste
 h - 4 potions of mutation
 n - 2 potions of invisibility
 o - 3 potions of ambrosia
 q - 3 potions of berserk rage
 r - 3 potions of might
 u - 2 potions of brilliance {unknown}
 E - 2 potions of flight {unknown}
 M - 2 potions of heal wounds {unknown}
 P - 2 potions of lignification {unknown}
 U - a potion of experience {unknown}
Miscellaneous
 S - a tin of tremorstones (2/2)


   Skills:
 + Level 8.2 Fighting
 - Level 10.5 Throwing
 - Level 6.9 Armour
 * Level 5.5 Dodging
 - Level 1.0 Stealth
 + Level 17.1 Unarmed Combat


You had 12 spell levels left.
You didn't know any spells.
Your spell library contained the following spells:

 Spells                   Type           Power      Damage    Failure   Level
 Animate Skeleton         Necr           0%         N/A       56%         1
 Apportation              Tloc           0%         N/A       56%         1
 Sandblast                Erth           0%         2d4       56%         1
 Sting                    Tmut/Pois      0%         1d3       56%         1
 Summon Small Mammal      Summ           0%         N/A       56%         1
 Corpse Rot               Necr/Air       0%         N/A       71%         2
 Passwall                 Tmut/Erth      0%         N/A       71%         2
 Poisonous Vapours        Pois/Air       0%         N/A       71%         2
 Static Discharge         Conj/Air       0%         N/A       71%         2
 Stone Arrow              Conj/Erth      0%         3d7       89%         3
 Summon Guardian Golem    Hex/Summ       0%         N/A       89%         3
 Dispel Undead            Necr           0%         3d6       99%         4
 Olgreb's Toxic Radiance  Pois           0%         N/A       99%         4
 Sticky Flame             Conj/Fire      0%         2d3       99%         4
 Conjure Ball Lightning   Conj/Air       0%         3x3d6     100%        6
 Death Channel            Necr           0%         N/A       100%        6
 Orb of Destruction       Conj           0%         9d5       100%        7
 Spellforged Servitor     Conj/Summ      0%         N/A       100%        7
 Discord                  Hex            0%         N/A       100%        8
 Disjunction              Tloc           0%         N/A       100%        8


Dungeon Overview and Level Annotations

Branches:
Dungeon (11/15)            Temple (1/1) D:7            Lair (6/6) D:11
  Swamp (0/4) Lair:3       Spider (0/4) Lair:3        Slime (2/5) Lair:6
    Orc (0/2) D:10        Ossuary (visited)

Altars:
Ashenzari
Cheibriados
Dithmenos
Elyvilon
Fedhas
Gozag
Hepliaklqana
Kikubaaqudgha
Makhleb
Nemelex Xobeh
Okawaru
Qazlal
Ru
Sif Muna
Trog
Uskayaw
Vehumet
Wu Jian
Xom
Yredelemnul
Zin
The Shining One

Shops:
D:2 =   D:10 [

Annotations:
D:10 exclusion: ugly thing
Lair:3 exclusion: 2 oklob plants
Lair:5 exclusion: downstairs
Lair:6 exclusion: obsidian statue


Innate Abilities, Weirdness & Mutations

You are too large for most types of armour.
You have claws for hands.
Your natural rate of healing is unusually fast.
You are covered in fur. (AC +1)
You have tough skin. (AC +1)
You have an increased reservoir of magic. (+10% MP)
You occasionally shout uncontrollably at your foes.
Your spells are a little harder to cast, but a little more powerful.


Message History

The rockslime barely misses you.
You eviscerate the rockslime!!!
The rockslime is severely wounded.
You mangle the rockslime!!
You kill the rockslime!
You start waiting.
You feel a strong urge to attack something.
You start waiting.
You feel your anger nearly subside.
You are no longer berserk.
You are exhausted.
You feel yourself slow down.
You start waiting.
You feel yourself speed up.
You start waiting.
You recover from your berserk rage.
Partly explored, can't reach some places.
There is a stone staircase leading down here.
You fly downwards.
The azure jelly hits you but does no damage.
The azure jelly barely misses you. The azure jelly misses you.
The azure jelly hits you. x2; The azure jelly freezes you!
The azure jelly hits you. The azure jelly freezes you!!
The azure jelly misses you. x2; The azure jelly closely misses you.
The azure jelly hits you but does no damage. x2
The azure jelly closely misses you. The azure jelly misses you.
The azure jelly hits you but does no damage.
The azure jelly hits you! The azure jelly barely misses you.
The shining eye gazes at you.
Strange energies course through your body.
You feel the urge to shout. The slime creature hits you!
There is a stone staircase leading up, spattered with blood here.
The azure jelly barely misses you. x2; The azure jelly hits you!
The azure jelly barely misses you. The azure jelly hits you!
The azure jelly freezes you!!
* * * LOW HITPOINT WARNING * * *
The azure jelly hits you.
* * * LOW HITPOINT WARNING * * *
The azure jelly freezes you!!
You die...

............#..
##.....#....#...
#.#...............
..........>.......
................#
.................
#......J..<...#
#.....@......# .
##...JJG......
....##.............
#......<..G#.......
.##.....J.#........
..........##.......
.##......## #......
#.##..... #....# ..
##..... .#


You could see 2 azure jellies, a great orb of eyes, 2 slime creatures and a
shining eye.

Vanquished Creatures
  Gastronok (Lair:1)
  A rockslime (Slime:1)
  2 dire elephants (Lair:6)
  A boulder beetle (Lair:5)
  4 hydras
  A catoblepas (Lair:6)
  A two-headed ogre (D:9)
  2 death yaks
  A spectral dire elephant (Lair:6)
  Sonja (Lair:2)
  Pikel (D:8)
  A necromancer (Lair:6)
  A shining eye (Slime:1)
  A cyclops (D:11)
  24 elephants
  A dire elephant zombie (Lair:6)
  A torpor snail (Lair:5)
  7 black mambas
  2 gargoyles
  11 cane toads
  2 dire elephant skeletons (Lair:6)
  4 rime drakes
  5 komodo dragons
  3 trolls
  A polar bear (Lair:1)
  A slime creature (Slime:1)
  13 blink frogs
  A jumping spider (Lair:3)
  20 yaks
  3 wyverns
  7 golden eyes
  4 basilisks
  A death yak simulacrum (Lair:6)
  3 steam dragons
  Menkaure (D:6)
  A redback (Lair:3)
  An acid dragon (D:9)
  10 water moccasins
  Duvessa (D:7)
  A black bear (D:6)
  2 orc warriors
  3 sky beasts
  An elephant zombie (Lair:6)
  2 ogres (D:5)
  An elephant skeleton (Lair:6)
  9 wolves
  4 centaurs
  3 lemures (D:9)
  10 bullfrogs
  Dowan (D:7)
  5 killer bees (D:9)
  3 elephant simulacra (Lair:6)
  2 water moccasin skeletons
  8 wights
  3 electric eels
  5 centaur zombies
  2 hounds
  A human zombie (D:6)
  Crazy Yiuf (D:5)
  A bullfrog zombie (D:5)
  2 orc priests (D:10)
  A bullfrog skeleton (D:5)
  A centaur skeleton (D:6)
  2 human skeletons (D:6)
  2 iguanas
  6 orc wizards
  A mummy (Ossuary)
  4 howler monkey zombies
  9 gnolls
  8 adders
  A shadow imp (D:7)
  A white imp (D:6)
  3 worms (D:2)
  A dart slug (D:1)
  26 orcs
  4 spectral bats (Ossuary)
  3 bats
  7 endoplasms
  5 giant cockroaches
  12 gnoll zombies (Ossuary)
  12 goblins
  8 hobgoblins
  A quokka (D:3)
  4 ball pythons
  5 bat simulacra (Ossuary)
  A frilled lizard (D:2)
  A goblin simulacrum (Ossuary)
  4 goblin zombies (Ossuary)
  5 hobgoblin zombies (Ossuary)
  5 kobolds
  2 kobold simulacra (Ossuary)
  4 kobold zombies (Ossuary)
  2 orc skeletons (D:6)
  6 orc zombies
  7 rats
  6 rat simulacra (Ossuary)
  A spectral goblin (Ossuary)
  4 spectral kobolds (Ossuary)
  2 spectral rats (Ossuary)
394 creatures vanquished.

Vanquished Creatures (others)
  A sky beast (D:7)
  An orc wizard (D:2)
  A bush (Lair:6)
  31 fungi
  55 plants
  17 withered plants (Lair:6)
106 creatures vanquished.

Grand Total: 500 creatures vanquished

Notes
Turn   | Place    | Note
-------+----------+-------------------------------------------
     0 | D:1      | Ajdolov the Troll Monk began the quest for the Orb.
     0 | D:1      | Reached XP level 1. HP: 22/22 MP: 0/0
   131 | D:1      | HP: 1/22 [gnoll (4)]
   166 | D:1      | Reached XP level 2. HP: 25/29 MP: 1/1
   215 | D:1      | Reached skill level 1 in Throwing
   376 | D:1      | Found a faded altar of an unknown god.
   580 | D:1      | Reached XP level 3. HP: 36/36 MP: 2/2
   771 | D:2      | Found Ducoomap's Jewellery Shop.
   801 | D:2      | Reached skill level 4 in Unarmed Combat
  1021 | D:2      | Reached XP level 4. HP: 44/44 MP: 3/3
  1148 | D:2      | Reached skill level 5 in Unarmed Combat
  1148 | D:2      | Reached XP level 5. HP: 44/50 MP: 4/4
  1339 | D:3      | Found a white marble altar of Elyvilon.
  1425 | D:3      | Found a shadowy altar of Dithmenos.
  1516 | D:3      | Found an ornate altar of the Wu Jian Council.
  2203 | D:4      | Reached XP level 6. HP: 46/59 MP: 5/5
  2263 | D:4      | Found an ancient bone altar of Kikubaaqudgha.
  2587 | D:4      | Identified the +3 scale mail "Okinnomp" {rC+ MP+9}
  2724 | D:5      | Entered Level 5 of the Dungeon
  2770 | D:5      | Reached skill level 6 in Unarmed Combat
  2823 | D:5      | Found a runed translucent door.
  2824 | D:5      | Noticed Crazy Yiuf
  2875 | D:5      | Found a sparkling altar of Nemelex Xobeh.
  2920 | D:5      | Killed Crazy Yiuf
  3129 | D:5      | Found a glowing golden altar of the Shining One.
  3238 | D:4      | Reached XP level 7. HP: 54/66 MP: 6/6
  3282 | D:5      | Reached skill level 7 in Unarmed Combat
  3924 | D:6      | Reached skill level 8 in Unarmed Combat
  3949 | D:6      | Noticed Menkaure
  3958 | D:6      | Reached XP level 8. HP: 64/74 MP: 7/7
  3978 | D:6      | Found a broken altar of Ashenzari.
  4333 | D:6      | Found a sand-covered staircase.
  4338 | Ossuary  | Entered an ossuary
  4544 | Ossuary  | Reached skill level 5 in Throwing
  4818 | D:6      | Killed Menkaure
  4819 | D:6      | Reached skill level 9 in Unarmed Combat
  5104 | D:7      | Found a staircase to the Ecumenical Temple.
  5113 | Temple   | Entered the Ecumenical Temple
  5345 | D:7      | Reached skill level 10 in Unarmed Combat
  5438 | D:7      | Noticed Duvessa
  5447 | D:7      | Noticed Dowan
  5448 | D:7      | Killed Duvessa
  5449 | D:7      | Reached XP level 9. HP: 64/80 MP: 8/8
  5450 | D:7      | Killed Dowan
  6174 | D:8      | Found an opulent altar of Gozag.
  6378 | D:8      | Noticed a gargoyle
  6520 | D:8      | Killed a gargoyle
  6521 | D:8      | Reached skill level 11 in Unarmed Combat
  6806 | D:8      | Found a hide-covered altar of Uskayaw.
  7145 | D:9      | Noticed a two-headed ogre
  7145 | D:9      | Noticed Pikel
  7445 | D:9      | Killed a two-headed ogre
  7446 | D:9      | Reached skill level 12 in Unarmed Combat
  7655 | D:8      | Killed Pikel
  7656 | D:8      | Reached XP level 10. HP: 61/88 MP: 9/9
  7927 | D:9      | Found an iron altar of Okawaru.
  7927 | D:9      | Found a bloodstained altar of Trog.
  8348 | D:10     | Entered Level 10 of the Dungeon
  8360 | D:10     | Noticed a brown ugly thing
  8786 | D:10     | Reached skill level 13 in Unarmed Combat
  8839 | D:10     | Found Egesauc's Antique Armour Boutique.
  8860 | D:10     | Found a blossoming altar of Fedhas.
  8953 | D:10     | Found a basalt altar of Yredelemnul.
  9031 | D:10     | Found a staircase to the Orcish Mines.
  9135 | D:11     | Noticed a cyclops
  9213 | D:11     | Killed a cyclops
  9633 | D:11     | Noticed a gargoyle
  9648 | D:11     | Killed a gargoyle
  9770 | D:11     | Found a staircase to the Lair.
  9965 | D:11     | Reached XP level 11. HP: 97/97 MP: 10/10
 10151 | Lair:1   | Entered Level 1 of the Lair of Beasts
 10263 | Lair:1   | Reached skill level 14 in Unarmed Combat
 10902 | Lair:1   | Noticed Gastronok
 10926 | Lair:1   | Killed Gastronok
 11145 | Lair:2   | Noticed Sonja
 11168 | Lair:2   | Killed Sonja
 11514 | Lair:2   | You fall into a shaft and drop 2 floors!
 11543 | Lair:4   | Reached skill level 15 in Unarmed Combat
 11623 | Lair:4   | Reached skill level 5 in Fighting
 11793 | Lair:3   | Found a hole to the Spider Nest.
 11861 | Lair:3   | Reached skill level 10 in Throwing
 12240 | Lair:3   | Reached XP level 12. HP: 85/111 MP: 11/11
 12404 | Lair:3   | Found a blossoming altar of Fedhas.
 12453 | Lair:3   | Reached skill level 1 in Armour
 12814 | Lair:3   | Found a staircase to the Swamp.
 13167 | Lair:4   | Identified the +12 mace of Debt {venom, Will+}
 13206 | Lair:4   | Reached skill level 16 in Unarmed Combat
 13734 | Lair:5   | Noticed a four-headed hydra
 14335 | Lair:6   | Entered Level 6 of the Lair of Beasts
 14373 | Lair:6   | Noticed a five-headed hydra
 14411 | Lair:6   | Noticed a boulder beetle
 14463 | Lair:5   | Killed a four-headed hydra
 14485 | Lair:6   | Noticed a death yak
 14584 | Lair:5   | Reached skill level 5 in Armour
 14719 | Lair:5   | Killed a boulder beetle
 14757 | Lair:5   | Killed a death yak
 14796 | Lair:6   | Noticed a six-headed hydra
 14801 | Lair:6   | Killed a six-headed hydra
 14802 | Lair:6   | Reached XP level 13. HP: 94/123 MP: 12/12
 14987 | Lair:6   | Noticed a dire elephant
 14987 | Lair:6   | Noticed a dire elephant
 15495 | Lair:6   | Found a staircase to the Slime Pits.
 15509 | Slime:1  | Entered Level 1 of the Pits of Slime
 15612 | Lair:6   | Noticed a dire elephant
 15670 | Lair:6   | Killed a dire elephant
 15824 | Lair:6   | Noticed a dire elephant
 15858 | Lair:6   | Killed a dire elephant
 16161 | Lair:6   | Noticed a dire elephant
 16244 | Lair:6   | Reached skill level 5 in Dodging
 16244 | Lair:6   | Reached skill level 17 in Unarmed Combat
 16416 | Slime:1  | Noticed an acid blob
 16417 | Slime:1  | Gained mutation: You are dopey. (Int -2) [a shining eye]
 16418 | Slime:2  | Noticed an azure jelly
 16418 | Slime:2  | Noticed an azure jelly
 16421 | Slime:2  | Gained mutation: You sometimes lose the ability to read
                  | scrolls when taking damage. [a shining eye]
 16433 | Slime:1  | Gained mutation: You are frail. (-10% HP) [a shining eye]
 16448 | Slime:1  | Lost mutation: You are dopey. (Int -2) [potion of mutation]
 16448 | Slime:1  | Lost mutation: You sometimes lose the ability to read
                  | scrolls when taking damage. [potion of mutation]
 16448 | Slime:1  | Lost mutation: You are frail. (-10% HP) [potion of
                  | mutation]
 16448 | Slime:1  | Gained mutation: You have an increased reservoir of magic.
                  | (+10% MP) [potion of mutation]
 16448 | Slime:1  | Gained mutation: Your spells are a little harder to cast,
                  | but a little more powerful. [potion of mutation]
 16544 | Slime:1  | Noticed a rockslime
 16559 | Slime:1  | Killed a rockslime
 16703 | Slime:2  | Gained mutation: You occasionally shout uncontrollably at
                  | your foes. [a shining eye]
 16704 | Slime:2  | Mangled by an azure jelly

Illustrated notes

Levels and vault maps discovered:
D:1:      dpeg_arrival_round_b, layout_loops_ring,
          hellmonk_ecumenical_altar_inner_sanctum
D:2:      layout_rooms, serial_shops, shop_fountains, minmay_circled_x
D:3:      kennysheep_the_goblin_king, layout_loops_ring,
          nicolae_elyvilon_peaceful_grove, nzn_wu_jian_contemplation,
          mainiacjoe_overflow_paths, minmay_surrounded
D:4:      layout_basic, mainiacjoe_overflow_alcove_2
D:5:      layout_loops_ring, kennysheep_mini_moat,
          mainiacjoe_overflow_six_doors_small, uniq_crazy_yiuf_cottage
D:6:      layout_loops_ring, amcnicky_altar_gilded, serial_aquarium,
          aquarium_bridge_long_separate [aquarium_subvault_bridge,
          aquarium_subvault_wall, aquarium_subvault_bridge,
          aquarium_subvault_window, aquarium_subvault_bridge,
          aquarium_subvault_bridge], aquarium_bridge_square
          [aquarium_subvault_wall, aquarium_subvault_balcony,
          aquarium_subvault_window, aquarium_subvault_bridge],
          aquarium_window_1, aquarium_window_1, aquarium_window_fake,
          aquarium_window_2, aquarium_view_2a, aquarium_balcony_3b,
          aquarium_pool_corner, nicolae_ossuary_entry_catacombs,
          kennysheep_generic_room_14, uniq_menkaure
D:7:      minmay_evil_eye, layout_basic, minmay_temple_entry_mist,
          grunt_decor_clamped, uniq_duvessa
D:8:      layout_loops_corners, mainiacjoe_overflow_tiny_flanked,
          kennysheep_little_box
D:9:      layout_basic, grunt_temple_overflow_bloody_war, uniq_pikel
D:10:     kennysheep_steamy, layout_basic, nicolae_overflow_hidden_temple,
          fedhas_ov_isle_minmay, orc_0_dummy, serial_shops,
          nicolae_shop_overgrown_old_shop
D:11:     layout_cave_pods, erik_lair_island
Temple:   nicolae_temple_figure_zero
Lair:1:   layout_regular_city, cheibrodos_lair_caveside_slide,
          grunt_megastairs_5, uniq_gastronok
Lair:2:   layout_cave_shapes, uniq_sonja
Lair:3:   hellmonk_destroyed_diamonds, layout_regular_city, swamp_mist_pool,
          spider_nest_entry_a, hangedman_tree_tricks
Lair:4:   layout_concentric_octagons
Lair:5:   layout_regular_city, serial_bayou_shore_a, lemuel_fruit_fields
Lair:6:   due_jungle_book, layout_cave_shapes, dpeg_slime_entry_corner,
          serial_bayou, serial_bayou_lagoon_b, serial_bayou_shore_b,
          serial_bayou_crossing, serial_bayou_pond_b,
          nicolae_lair_grazing_beasts [nicolae_sub_lair_graze_edge,
          nicolae_sub_lair_graze_edge, nicolae_sub_lair_graze_edge,
          nicolae_sub_lair_graze_edge]
Slime:1:  layout_caves
Slime:2:  layout_caves

Skill      XL: |  1  2  3  4  5  6  7  8  9 10 11 12 13 |
---------------+----------------------------------------+-----
Throwing       | 1 2 3 4 6 7 8 10 | 10.5
Unarmed Combat | 4 5 6 8 10 12 13 15 16 17 | 17.1
Fighting       | 3 5 6 8 |  8.2
Armour         | 5 6 |  6.9
Dodging        | 5 |  5.5
Stealth        | |  1.0

Action                   |  1- 3 |  4- 6 |  7- 9 | 10-12 | 13-15 || total
-------------------------+-------+-------+-------+-------+-------++-------
Melee: Unarmed           |    74 |   176 |   331 |   454 |   224 ||  1259
       Punch             |     2 |     5 |    18 |    42 |    42 ||   109
Throw: Dart              |       |       |     4 |     7 |       ||    11
       Large rock        |       |       |       |    10 |     9 ||    19
       Stone             |       |       |       |     1 |       ||     1
Evoke: Wand              |       |       |       |     6 |    12 ||    18
  Use: Scroll            |       |       |       |     9 |     3 ||    12
       Potion            |       |       |       |     3 |     8 ||    11
 Stab: Sleeping          |     4 |     2 |    11 |     1 |       ||    18
Armor: Robe              |    18 |    32 |    70 |     5 |       ||   125
       Troll leather arm |       |       |       |    97 |    55 ||   152
Dodge: Dodged            |    27 |    70 |   133 |   169 |    86 ||   485

Table legend: (Time is in decaauts)
 A = Elapsed time spent in this place.
 B = Non-inter-level travel time spent in this place.
 C = Inter-level travel time spent in this place.
 D = Time resting spent in this place.
 E = Time spent auto-exploring this place.
 F = Levels seen in this place.
 G = Mean time per level.
                   A        B        C        D        E       F      G
               +--------+--------+--------+--------+--------+-----+--------+
         Total |  16467 |  15503 |    964 |    643 |  10535 |  21 |  784.1 |
       Dungeon |   9631 |   9045 |    586 |    251 |   6875 |  11 |  875.5 |
        Temple |    123 |    114 |      9 |      0 |    111 |   1 |  123.0 |
          Lair |   6056 |   5687 |    369 |    352 |   3259 |   6 | 1009.3 |
    Slime Pits |    332 |    332 |      0 |     40 |    119 |   2 |  166.0 |
       Ossuary |    323 |    323 |      0 |      0 |    171 |   1 |  323.0 |
               +--------+--------+--------+--------+--------+-----+--------+

Top non-repeatable levels by time:
  Lair:6: 1628 daAuts
     D:8: 1455 daAuts
  Lair:5: 1183 daAuts
  Lair:3: 1080 daAuts
     D:6: 993 daAuts
    D:11: 977 daAuts
     D:5: 957 daAuts
  Lair:1: 912 daAuts
     D:9: 891 daAuts
     D:7: 837 daAuts
    D:10: 798 daAuts
     D:1: 764 daAuts
     D:4: 750 daAuts
     D:3: 672 daAuts
  Lair:2: 636 daAuts
